 Dungeon Crawl Stone Soup version 0.29-a0-322-g68df515428 (webtiles) character file.

Game seed: 3309798497185296813

238 Leszczynek the Chopper (level 6, -2/48 HPs)
             Began as a Human Gladiator on Apr 8, 2022.
             Slain by a gnoll
             ... wielding a +0 spear
              (7 damage)
             ... on level 4 of the Dungeon.
             The game lasted 00:07:25 (1135 turns).

Leszczynek the Chopper (Human Gladiator)            Turns: 1135, Time: 00:07:25

Health: -2/48      AC:  7    Str: 16    XL:     6   Next: 28%
Magic:  6/6        EV: 12    Int:  8    God:
Gold:   98         SH:  0    Dex: 15    Spells: 5/5 levels left

rFire   . . .      SeeInvis .   a - +0 war axe
rCold   . . .      Faith    .   (no shield)
rNeg    . . .      Spirit   .   g - +0 ring mail
rPois   .          Reflect  .   c - +1 helmet
rElec   .          Harm     .   (no cloak)
rCorr   .          Rampage  .   (no gloves)
Will    .....                   (no boots)
Stlth   +.........              (no amulet)
HPRegen 0.16/turn               (no ring)
MPRegen 0.10/turn               (no ring)

@: no status effects
A: no striking features
a: no special abilities


You were on level 4 of the Dungeon.
You visited 1 branch of the dungeon, and saw 4 of its levels.

You collected 98 gold pieces.

Inventory:

Hand Weapons
 a - a +0 war axe (weapon)
Missiles
 d - 2 throwing nets
 k - a javelin (quivered)
Armour
 b - a +0 leather armour
 c - a +1 helmet (worn)
 g - a +0 ring mail (worn)
Jewellery
 i - a ring of wizardry
Wands
 m - a wand of paralysis (3)
Scrolls
 e - a scroll of identify {@r1}
 o - a scroll of fear {unknown}
Potions
 p - a potion of curing {@q1}


   Skills:
 * Level 3.9 Fighting
 * Level 4.5 Axes
 + Level 2.9 Throwing
 + Level 3.8 Dodging


You had 5 spell levels left.
You didn't know any spells.
Your spell library was empty.

Dungeon Overview and Level Annotations

Branches:
Dungeon (4/15)
 Temple: D:4-7

Altars:


Message History

The helpless gnoll sergeant fails to defend itself.
You hit the gnoll sergeant.
The gnoll sergeant is moderately wounded.
You hit the gnoll. The gnoll misses you. The gnoll barely misses you.
The helpless gnoll sergeant fails to defend itself.
You hit the gnoll sergeant.
The gnoll sergeant is moderately wounded.
You closely miss the gnoll. The gnoll closely misses you.
The gnoll hits you with a +0 club. The gnoll closely misses you. x2
The gnoll hits you with a +0 club.
The helpless gnoll sergeant fails to defend itself.
You slash the gnoll sergeant!
The gnoll sergeant is severely wounded.
You barely miss the gnoll. x2; The gnoll hits you but does no damage.
The gnoll hits you from afar with a +0 spear.
The gnoll hits you with a +0 club.
* * * LOW HITPOINT WARNING * * *
The helpless gnoll sergeant fails to defend itself.
You slash the gnoll sergeant!
You kill the gnoll sergeant!
You hit the gnoll. x2; The gnoll closely misses you.
The gnoll hits you but does no damage. The gnoll barely misses you.
You have reached level 6!
You slash the gnoll!
The gnoll is severely wounded.
You hit the gnoll. You barely miss the gnoll.
The gnoll hits you but does no damage. The gnoll barely misses you. x2
The gnoll closely misses you. The gnoll hits you but does no damage.
The gnoll hits you from afar with a +0 spear.
* * * LOW HITPOINT WARNING * * *
The gnoll hits you with a +0 club.
* * * LOW HITPOINT WARNING * * *
The gnoll completely misses you.
Unknown command.
Unknown command.
As you read the scroll labelled QUCWOMPO NETADD, it crumbles to dust.
It is a scroll of amnesia.
You feel forgetful for a moment.
The gnoll hits you from afar with a +0 spear!
You die...

###. ##...
##...# ##...##
###########...##
##.......g....##
##.g..........##
#ggg###########
#.@## #.## ##
#.## ##. #..#
#.. #..#######
#.. #........##
##. #.........##
#. #..........#
## #.....##...#
#


You could see 4 gnolls.

Vanquished Creatures
  A gnoll sergeant (D:4)
  A jelly (D:4)
  An orc priest (D:4)
  An orc wizard (D:4)
  4 adders (D:2)
  A shadow imp (D:3)
  2 dart slugs
  4 orcs
  7 bats
  4 endoplasms
  2 giant cockroaches (D:2)
  3 goblins
  A hobgoblin (D:3)
  4 kobolds
  A quokka (D:4)
  2 ball pythons
  2 frilled lizards
  7 rats
48 creatures vanquished.

Vanquished Creatures (others)
  11 plants (D:4)
11 creatures vanquished.

Grand Total: 59 creatures vanquished

Notes
Turn   | Place    | Note
-------+----------+-------------------------------------------
     0 | D:1      | Leszczynek the Human Gladiator began the quest for the Orb.
     0 | D:1      | Reached XP level 1. HP: 16/16 MP: 1/1
   150 | D:1      | Reached XP level 2. HP: 20/22 MP: 2/2
   313 | D:2      | Reached XP level 3. HP: 21/28 MP: 3/3
   561 | D:3      | Reached XP level 4. HP: 22/34 MP: 4/4
   774 | D:2      | Reached skill level 3 in Fighting
   904 | D:4      | Reached skill level 4 in Axes
   904 | D:4      | Reached XP level 5. HP: 20/41 MP: 5/5
  1132 | D:4      | HP: 7/41 [gnoll/+0 club (6)]
  1134 | D:4      | Reached XP level 6. HP: 8/48 MP: 6/6
  1135 | D:4      | Slain by a gnoll

Illustrated notes

Levels and vault maps discovered:
D:1:      dpeg_arrival_signposts, layout_basic, shapermc_ecumenical_altar_venn
D:2:      kennysheep_six_static_rooms, layout_rooms, minmay_pentomino_u2
D:3:      layout_rooms, uniq_crazy_yiuf_cottage, uniq_terence
D:4:      layout_layer_cave, nicolae_grassy_gnolls, uniq_ijyb

Skill      XL: |  1  2  3  4 |
---------------+-------------+-----
Fighting       | 3 |  3.9
Axes           | 4 |  4.5
Throwing       | |  2.9
Dodging        | |  3.8

Action                   |  1- 3 |  4- 6 || total
-------------------------+-------+-------++-------
Melee: War axe           |    78 |    61 ||   139
Throw: Throwing net      |     4 |     2 ||     6
       Javelin           |     3 |     2 ||     5
Evoke: Wand              |       |     6 ||     6
  Use: Potion            |       |     2 ||     2
       Scroll            |       |     5 ||     5
 Stab: Held in net/web   |     1 |       ||     1
       Paralysed         |       |    15 ||    15
Armor: Leather armour    |     7 |       ||     7
       Ring mail         |    29 |    25 ||    54
Dodge: Dodged            |    62 |    61 ||   123

Table legend: (Time is in decaauts)
 A = Elapsed time spent in this place.
 B = Non-inter-level travel time spent in this place.
 C = Inter-level travel time spent in this place.
 D = Time resting spent in this place.
 E = Time spent auto-exploring this place.
 F = Levels seen in this place.
 G = Mean time per level.
                   A        B        C        D        E       F      G
               +--------+--------+--------+--------+--------+-----+--------+
         Total |   1187 |   1125 |     62 |      0 |      0 |   4 |  296.8 |
       Dungeon |   1187 |   1125 |     62 |      0 |      0 |   4 |  296.8 |
               +--------+--------+--------+--------+--------+-----+--------+

Top non-repeatable levels by time:
     D:2: 405 daAuts
     D:4: 283 daAuts
     D:3: 251 daAuts
     D:1: 247 daAuts
